 Dungeon Crawl Stone Soup version 0.20.2-3-g29329e0561 (webtiles) character file.

259 Alfie the Shield-Bearer (level 6, 0/53 HPs)
             Began as a Hill Orc Fighter on Oct 2, 2023.
             Killed from afar by Ijyb (3 damage)
             ... with a wand of acid (?/15)
             ... on level 4 of the Dungeon on Oct 4, 2023.
             The game lasted 00:06:09 (2082 turns).

Alfie the Shield-Bearer (Hill Orc Fighter)          Turns: 2082, Time: 00:06:09

Health: 0/53       AC:  7    Str: 21    XL:     6   Next: 17%
Magic:  6/6        EV:  8    Int:  8    God:
Gold:   100        SH: 10    Dex: 10    Spells: 5/5 levels left

rFire    . . .     SeeInvis .   a - +1 rapier
rCold    . . .     Gourm    .   c - +0 shield
rNeg     . . .     Faith    .   b - +0 scale mail
rPois    .         Spirit   .   (no helmet)
rElec    .         Reflect  .   (no cloak)
rCorr    .         Harm     .   (no gloves)
MR       .....                  (no boots)
Stlth    ..........             (no amulet)
Regen    0.2/turn               (no ring)
MPRegen  0.1/turn               (no ring)

@: no status effects
A: no striking features
a: no special abilities


You were on level 4 of the Dungeon.
You were not hungry.

You visited 1 branch of the dungeon, and saw 4 of its levels.

You collected 100 gold pieces.

Inventory:

Hand Weapons
 a - a +1 rapier (weapon)
Armour
 b - a +0 scale mail (worn)
 c - a +0 shield (worn)
Jewellery
 i - an uncursed ring of protection from magic {unknown}
Wands
 k - a wand of paralysis (12/24)
 n - a wand of iceblast (10/15)
Scrolls
 d - a scroll of teleportation {unknown}
 l - a scroll of random uselessness {unknown}
Potions
 e - a potion of haste
 h - a potion of flight {unknown}
 j - a potion of degeneration {unknown}
 m - 2 potions of curing {unknown}
 o - a potion of agility {unknown}
 p - a potion of lignification {unknown}
Comestibles
 f - 3 bread rations
 g - 2 meat rations


   Skills:
 + Level 4.4 Fighting
 + Level 3.6 Short Blades
 + Level 4.1 Armour
 + Level 0.7 Dodging
 + Level 0.5 Stealth
 + Level 5.1 Shields


You had 5 spell levels left.
You didn't know any spells.

Dungeon Overview and Level Annotations

Branches:
Dungeon (4/15)
 Temple: D:4-7

Altars:
Makhleb

Annotations:
D:4 Ijyb


Message History

You barely miss Ijyb.
Ijyb is lightly wounded.
Ijyb hits you.
You closely miss Ijyb.
Ijyb is lightly wounded.
Ijyb zaps a wand.
The bolt of acid hits you!
You are splashed with acid!
The acid burns!
It is a wand of acid (?/15).
You hit Ijyb but do no damage.
Ijyb is lightly wounded.
Ijyb hits you but does no damage.
You puncture Ijyb!
Ijyb is moderately wounded.
Ijyb zaps a wand.
The bolt of acid hits you!
* * * LOW HITPOINT WARNING * * *
You are splashed with acid!
The acid burns!
* * * LOW HITPOINT WARNING * * *
You barely miss Ijyb.
Ijyb is moderately wounded.
Ijyb zaps a wand.
The bolt of acid hits you!
You die...

.....#
#..#
.....#
##.#
....[#
#.# ##
.....#
#.## ..
.....#
#..####.
######
##.##..
#.##.#
#.##g#
#...@#
#..###
#...
#.#..
#.#.##
#.#..
..##..
.. ..


You could see Ijyb.

Vanquished Creatures
  An ogre (D:4)
  A hound (D:4)
  A gnoll (D:1)
  4 adders
  2 oozes
  6 worms
  A dart slug (D:2)
  3 leopard geckos (D:2)
  3 orcs (D:3)
  2 ball pythons
  6 giant cockroaches
  10 hobgoblins
  2 quokkas (D:4)
  11 bats
  3 frilled lizards (D:1)
  6 goblins
  4 kobolds
  4 rats
70 creatures vanquished.

Notes
Turn   | Place    | Note
-------+----------+-------------------------------------------
     0 | D:1      | Alfie the Hill Orc Fighter began the quest for the Orb.
     0 | D:1      | Reached XP level 1. HP: 19/19 MP: 1/1
    35 | D:1      | Reached XP level 2. HP: 13/27 MP: 2/2
   319 | D:1      | Reached XP level 3. HP: 28/33 MP: 3/3
   643 | D:2      | Reached skill level 4 in Shields
   733 | D:2      | Reached XP level 4. HP: 6/40 MP: 4/4
  1323 | D:2      | Found a burning altar of Makhleb.
  1323 | D:2      | Noticed a balrug
  1575 | D:3      | Reached XP level 5. HP: 46/46 MP: 5/5
  2005 | D:4      | Noticed an ogre
  2017 | D:4      | Killed an ogre
  2017 | D:4      | Reached skill level 5 in Shields
  2017 | D:4      | Reached XP level 6. HP: 53/53 MP: 6/6
  2074 | D:4      | Noticed Ijyb
  2082 | D:4      | Killed from afar by Ijyb

Skill      XL: |  1  2  3  4  5 |
---------------+----------------+-----
Fighting       | 4 |  4.4
Shields        | 4 5 |  5.1
Short Blades   | 3 |  3.6
Armour         | 4 |  4.1
Dodging        | |  0.7
Stealth        | |  0.5

Action                   |  1- 3 |  4- 6 || total
-------------------------+-------+-------++-------
Melee: Rapier            |   121 |   146 ||   267
  Use: Potion            |     1 |     1 ||     2
       Scroll            |       |     4 ||     4
  Eat: Bread ration      |       |     1 ||     1
Armor: Scale mail        |    62 |    50 ||   112
Dodge: Dodged            |    34 |    49 ||    83
Block: Shield            |    76 |    85 ||   161
